AoeStats
← slickbick

Arabian Desert

509922092Analyzed
1v1 RM · 2d ago on Sep 28, 2026· 39m 52s· 2 players
Game mode
Random Map
Map size
Tiny (2 player)
Population
200
Speed
Normal
Resources
Standard
Victory
Conquest
Starting age
Dark Age
Ending age
Imperial Age
RankedLock teamsTeams togetherTeam positionsShared explorationLock speedFull tech treeHidden civsTurbo modeCheats
Victory
Defeat
🇩🇪 Saxons · Germany
1072
+15
🇺🇸 Wu · United States
1059
-15
slickbick
6:56 Loom
12:22 Feudal Age
13:26 Man-at-Arms
15:20 Double-Bit Axe
23:04 Castle Age
23:49 Long Swordsman
24:30 Squires
24:25 Fletching
26:56 Elite Skirmisher
28:33 Bodkin Arrow
30:46 Wheelbarrow
34:01 Horse Collar
36:34 Red Cliffs Tactics
Thanos
7:28 Loom
10:28 Feudal Age
10:47 Man-at-Arms
11:38 Horse Collar
14:28 Double-Bit Axe
16:58 Arson
18:20 Wheelbarrow
21:59 Castle Age
22:12 Fletching
22:26 Padded Archer Armor
25:00 Bodkin Arrow
25:35 Bow Saw
28:02 Husbandry
31:37 Bloodlines
36:41 Imperial Age
38:15 Conscription
38:36 Masonry
38:41 Siege Engineers
Connection lost

Rejoining the realm…

Still unreachable

The connection could not be restored.

Session expired

The server has moved on; the page needs a fresh start.